 Dungeon Crawl Stone Soup version 0.31-a0-774-g0d66cbabe8 (webtiles) character file.

Game seed: 18119757833248791886

117 Conn the Sneak (level 5, 0/31 HPs)
             Began as an Octopode Fire Elementalist on Sept 17, 2023.
             Killed from afar by Ijyb (9 damage)
             ... with an iceblast
             ... on level 3 of the Dungeon.
             The game lasted 00:04:47 (1964 turns).

Conn the Sneak (Octopode Fire Elementalist)         Turns: 1964, Time: 00:04:49

Health: 0/31       AC:  1    Str:  7    XL:     5   Next: 1%
Magic:  0/8        EV: 13    Int: 19    God:
Gold:   137        SH:  0    Dex: 13    Spells: 3/9 levels left

rFire   . . .        c - +2 dagger (holy)
rCold   . . .        (no shield)
rNeg    . . .        (helmet restricted)
rPois   .            l - amulet of faith
rElec   .            (no ring)
rCorr   .            (no ring)
SInv    .            (no ring)
Will    .....        (no ring)
Stlth   +++          (no ring)
HPRegen 0.25/turn    (no ring)
MPRegen 0.11/turn    (no ring)
                     (no ring)

%: faith
@: no status effects
A: almost no armour, amphibious, 8 rings, camouflage 1, gelatinous body 1,
(nimble swimmer 1), tentacles
a: no special abilities


You were on level 3 of the Dungeon.
You visited 1 branch of the dungeon, and saw 3 of its levels.

You collected 137 gold pieces.

Inventory:

Hand Weapons
 b - a +1 dagger of draining
 c - a +2 dagger of holy wrath (weapon)
Missiles
 d - 2 poisoned darts (quivered)
Jewellery
 l - an amulet of faith (around mantle)
Scrolls
 e - 2 scrolls of identify {unknown}
 f - a scroll of teleportation {unknown}
 g - a scroll of blinking {unknown}
 i - 2 scrolls of butterflies {unknown}
 j - a scroll of fog {unknown}
Potions
 a - 2 potions of magic
 h - a potion of curing {unknown}
 k - 2 potions of degeneration {unknown}
 m - a potion of attraction {unknown}
 n - a potion of brilliance {unknown}
 o - a potion of cancellation {unknown}


   Skills:
 + Level 2.8 Dodging
 + Level 3.9 Stealth
 + Level 2.6 Spellcasting
 + Level 2.1 Conjurations
 + Level 3.6 Fire Magic


You had 3 spell levels left.
You knew the following spells:

 Your Spells              Type           Power      Damage    Failure   Level
a - Foxfire               Conj/Fire      52%        2x1d6     4%          1
b - Scorch                Fire           32%        2d6       5%          2
c - Inner Flame           Hex/Fire       9%         N/A       22%         3

Your spell library contained the following spells:

 Spells                   Type           Power      Damage    Failure   Level
 Volatile Blastmotes      Fire/Tloc      18%        2d11      22%         3
 Flame Wave               Conj/Fire      13%        2d6       43%         4


Dungeon Overview and Level Annotations

Branches:
Dungeon (3/15)

Altars:
Dithmenos
Fedhas
Makhleb

Annotations:
D:3 Ijyb


Innate Abilities, Weirdness & Mutations

You cannot wear most types of armour.
You are amphibious.
You can wear up to eight rings at the same time.
Your skin changes colour to match your surroundings (Stealth+).
Your rubbery body absorbs attacks. (AC +1, EV +1)
((You are camouflaged when in or above water. (Stealth+)))
You have tentacles for arms and can constrict up to eight enemies at once.


Message History

The foxfire hits Ijyb but does no damage.
Ijyb is heavily wounded.
Unknown command.
The foxfire hits Ijyb.
Flame seeps out of Ijyb.
Ijyb is heavily wounded.
The foxfire hits Ijyb.
Flame seeps out of Ijyb.
Ijyb is severely wounded.
The foxfire hits Ijyb but does no damage.
Ijyb is severely wounded.
Unknown command.
Unknown command.
Ijyb is engulfed in blazing flames.
Flame seeps out of Ijyb.
Casting: Foxfire (safe; 4% risk of failure)
Confirm with . or Enter, or press ? or * to list all spells.
You conjure some foxfire!
Ijyb zaps a wand.
The mass of ice explodes!
The iceblast engulfs you!!
Ouch! That really hurt!
* * * LOW HITPOINT WARNING * * *
The foxfire hits Ijyb but does no damage.
Ijyb is almost dead.
Unknown command.
You aren't carrying any items that you can evoke.
Unknown command.
Unknown command.
You don't have enough magic to cast this spell.
Unknown command.
Throw: 5 darts (poison)
Press: ? - help, Q - select action, (/) - cycle Shift-Dir - straight line, f/p - Ijyb
Aim: Ijyb, wielding a +0 dagger, wearing a +0 ring mail and carrying a wand of iceblast (almost dead, inner flame, 47% to hit)
You throw a poisoned dart. The poisoned dart barely misses Ijyb.
Throw: 4 darts (poison)
Press: ? - help, Q - select action, (/) - cycle Shift-Dir - straight line, f/p - Ijyb
Aim: Ijyb, wielding a +0 dagger, wearing a +0 ring mail and carrying a wand of iceblast (almost dead, inner flame, 47% to hit)
You throw a poisoned dart. The poisoned dart closely misses Ijyb.
Throw: 3 darts (poison)
Press: ? - help, Q - select action, (/) - cycle Shift-Dir - straight line, f/p - Ijyb
Aim: Ijyb, wielding a +0 dagger, wearing a +0 ring mail and carrying a wand of iceblast (almost dead, inner flame, 47% to hit)
You throw a poisoned dart. The poisoned dart barely misses Ijyb.
Ijyb zaps a wand.
The mass of ice explodes!
The iceblast engulfs you!
You die...

#...## ###.#..## #.......#
#.§§§§≈.## #.§≈§.≈.§#
#.§§§§≈§.## #..≈..§≈..#
##.≈≈..≈§§# #
##...≈§.@§§### #.#
#.._.≈§.§§§..# ##.##
#....§≈..≈...###...## ##
#.#g≈§..§≈...##.....# #.
#...≈§..§..........# #.
#(.≈≈..§≈.÷.....#.# #.
#.§≈≈..≈§....<.)#.######.
....§≈§..≈.#...............
##..§§§..§.....####+######.


You could see Ijyb (inner flame).

Vanquished Creatures
  An orc priest (D:3)
  2 worms (D:2)
  4 dart slugs
  2 orcs (D:3)
  6 ball pythons
  10 bats
  7 endoplasms
  A giant cockroach (D:1)
  6 goblins
  4 hobgoblins
  4 quokkas
  9 frilled lizards
  6 kobolds
  6 rats
68 creatures vanquished.

Vanquished Creatures (others)
  134 foxfires
134 creatures vanquished.

Grand Total: 202 creatures vanquished

Notes
Turn   | Place    | Note
-------+----------+-------------------------------------------
     0 | D:1      | Conn the Octopode Fire Elementalist began the quest for the
                  | Orb.
     0 | D:1      | Reached XP level 1. HP: 11/11 MP: 3/3
    48 | D:1      | Reached XP level 2. HP: 14/17 MP: 0/5
    51 | D:1      | Learned a level 2 spell: Scorch
   310 | D:1      | Reached XP level 3. HP: 21/21 MP: 2/6
  1019 | D:2      | Reached XP level 4. HP: 27/27 MP: 4/7
  1079 | D:2      | Found a blossoming altar of Fedhas.
  1724 | D:3      | Found a burning altar of Makhleb.
  1726 | D:3      | Found a shadowy altar of Dithmenos.
  1726 | D:3      | Noticed Ijyb
  1865 | D:3      | Reached XP level 5. HP: 31/31 MP: 2/8
  1945 | D:3      | Learned a level 3 spell: Inner Flame
  1964 | D:3      | Killed from afar by Ijyb

Illustrated notes

Levels and vault maps discovered:
D:1:      minmay_arrival_doors, layout_rooms, chequers_arboretum
D:2:      layout_loops_ring, basic_altar
D:3:      layout_loops_corners, mainiacjoe_overflow_catch_the_wave,
          hellmonk_ecumenical_altar_arch_garden, serial_bayou_pond_b,
          grunt_decor_one_mirror, uniq_grinder, uniq_natasha, uniq_ijyb

Skill      XL: |  1  2  3  4 |
---------------+-------------+-----
Stealth        | 3 |  3.9
Conjurations   | 2 |  2.1
Dodging        | |  2.8
Spellcasting   | |  2.6
Fire Magic     | |  3.6

Action                     |  1- 3 |  4- 6 || total
---------------------------+-------+-------++-------
  Melee: Unarmed           |    13 |       ||    13
         Tentacles         |     6 |     4 ||    10
         Constrict         |    12 |     4 ||    16
         Dagger            |    37 |    20 ||    57
  Throw: Dart              |       |     3 ||     3
   Cast: Foxfire           |    36 |    48 ||    84
         Scorch            |       |     3 ||     3
         Inner Flame       |       |     1 ||     1
   Stab: Sleeping          |     8 |     4 ||    12
 Armour: Skin              |    25 |     6 ||    31
  Dodge: Dodged            |    31 |    11 ||    42

Table legend: (Time is in decaauts)
 A = Elapsed time spent in this place.
 B = Non-inter-level travel time spent in this place.
 C = Inter-level travel time spent in this place.
 D = Time resting spent in this place.
 E = Time spent auto-exploring this place.
 F = Levels seen in this place.
 G = Mean time per level.
                   A        B        C        D        E       F      G
               +--------+--------+--------+--------+--------+-----+--------+
         Total |   1962 |   1911 |     51 |    154 |   1134 |   3 |  654.0 |
       Dungeon |   1962 |   1911 |     51 |    154 |   1134 |   3 |  654.0 |
               +--------+--------+--------+--------+--------+-----+--------+

Top non-repeatable levels by time:
     D:1: 801 daAuts
     D:2: 767 daAuts
     D:3: 393 daAuts
